Map: Neon Violet Square LE

Players

axu - Winner!

  • Race: Protoss Protoss
  • League: Platinum
  • Spawn Location: 11:00

A.I. 1 (Very Hard)

  • Race: Terran Terran
  • Spawn Location: 5:00

VOD

Have the link to the VOD?

Description

Time

  • Played on: Jan. 5, 2018, 8:50 a.m.
  • Length: 16:40
Show
View Real Time Build Order
Export as new Build Order

axu Protoss - Winner!

Build Orders: 1 Gate Expand 

Get SALT Encoding   

  12  0:02  Probe  
  13  0:14  Probe  
  14  0:24  Pylon  
  14  0:26  Probe  
  15  0:42  Gateway  
  15  0:46  Probe  
  16  0:58  Probe  
  16  1:00  Assimilator  
  17  1:10  Probe  
  18  1:22  Probe  
  19  1:34  Nexus  
  19  1:42  Cybernetics Core  
  19  1:49  Probe  
  19  1:54  Gateway  
  20  2:01  Probe  
  21  2:14  Probe  
  22  2:22  Assimilator  
  22  2:25  Pylon  
  22  2:26  Probe  
  23  2:43  Stalker (Chrono Boost), Probe  
  26  2:47  Probe  
  27  2:55  Robotics Facility, Probe  
  28  2:59  Probe  
  29  3:07  Probe  
  29  3:11  Probe  
  31  3:19  Probe  
  32  3:24  Probe  
  33  3:31  Probe  
  34  3:38  Assimilator  
  34  3:42  Shield Battery  
  34  3:43  Stalker x2, Assimilator, Warp Gate (Chrono Boost)  
  34  3:44  Shield Battery  
  38  3:50  Probe  
  38  3:51  Probe  
  38  3:54  Observer  
  41  4:03  Probe  
  41  4:05  Probe  
  43  4:15  Probe  
  44  4:17  Pylon, Probe  
  44  4:21  Pylon  
  45  4:27  Probe  
  46  4:35  Probe  
  47  4:39  Probe  
  47  4:42  Stalker  
  47  4:43  Stalker  
  52  4:48  Probe  
  52  4:50  Gateway  
  52  4:51  Gateway  
  53  4:54  Gateway  
  53  4:59  Pylon  
  53  5:03  Pylon  
  53  5:07  Probe x2  
  55  5:19  Probe x2  
  57  5:22  Nexus  
  57  5:23  Pylon  
  57  5:26  Immortal (Chrono Boost)  
  60  6:06  Immortal  
  64  6:12  Twilight Council  
  64  6:15  Forge  
  64  6:16  Stalker x3, Forge  
  64  6:17  Stalker x2  
  74  6:28  Pylon  
  74  6:29  Shield Battery  
  74  6:31  Shield Battery  
  74  6:41  Probe x3  
  74  6:45  Protoss Ground Weapons Level 1 (Chrono Boost)  
  74  6:46  Robotics Bay  
  74  6:47  Protoss Ground Armor Level 1 (Chrono Boost)  
  77  6:50  Robotics Facility  
  77  6:53  Probe x3  
  77  6:54  Charge (Chrono Boost)  
  80  7:03  Stalker x2  
  84  7:10  Pylon  
  84  7:13  Pylon, Probe x2  
  84  7:14  Probe  
  87  7:25  Probe  
  87  7:26  Probe  
  89  7:43  Pylon  
  89  7:48  Colossus (Chrono Boost)  
  89  7:49  Colossus (Chrono Boost)  
  101  7:51  Stalker x3  
  101  7:52  Stalker x2  
  111  8:01  Extended Thermal Lance (Chrono Boost)  
  111  8:10  Assimilator  
  111  8:11  Pylon  
  111  8:13  Probe x2  
  111  8:14  Pylon, Probe  
  111  8:15  Assimilator  
  114  8:36  Warp Prism (Chrono Boost)  
  116  9:00  Colossus  
  122  9:03  Stalker x4  
  122  9:04  Stalker  
  122  9:07  Colossus  
  138  9:28  Pylon, Photon Cannon  
  138  9:30  Photon Cannon  
  138  9:32  Protoss Ground Weapons Level 2 (Chrono Boost), Photon Cannon  
  138  9:34  Templar Archives  
  138  9:35  Protoss Ground Armor Level 2 (Chrono Boost), Photon Cannon  
  138  9:48  Zealot  
  138  9:49  Zealot x4  
  110  10:21  Zealot  
  110  10:22  Zealot x4  
  104  10:56  Zealot x3  
  104  10:57  Zealot x2, Colossus x2  
  102  11:24  Stalker x2  
  102  11:25  Stalker x3  
  112  11:35  Pylon  
  112  11:38  Pylon  
  112  11:41  Pylon  
  112  11:46  Stargate  
  112  11:48  Protoss Ground Weapons Level 3  
  112  11:49  Protoss Ground Armor Level 3  
  112  11:51  Colossus x2  
  112  11:53  Nexus  
  124  11:54  Pylon  
  124  11:57  Pylon  
  124  12:00  Pylon  
  124  12:12  High Templar x3  
  124  12:13  High Templar x2  
  134  12:16  Archon  
  134  12:17  Archon  
  134  12:19  Psionic Storm  
  133  12:44  Assimilator, Gateway x2  
  133  12:47  Gateway  
  133  12:49  Assimilator, Gateway  
  133  12:52  Gateway  
  133  12:54  Shield Battery  
  133  12:55  Gateway  
  133  12:56  Shield Battery  
  133  12:58  Shield Battery, Probe x3  
  133  13:01  Shield Battery  
  136  13:10  Probe x2  
  136  13:11  Probe  
  139  13:18  Pylon  
  139  13:21  Pylon  
  139  13:24  Zealot x3  
  139  13:39  Zealot x2  
  133  14:05  Shield Battery x2  
  133  14:07  Shield Battery  
  133  14:09  Photon Cannon  
  133  14:10  Photon Cannon  
  133  14:13  Photon Cannon  
  133  14:19  High Templar x6  
  133  14:20  High Templar x5  
  133  14:23  Archon x3  
  155  14:24  Archon x2  
  155  14:26  Archon  
  155  14:41  Immortal x2  
  163  14:50  Stargate  
  163  14:52  Zealot  
  165  14:53  Stargate  
  165  14:55  Zealot x3  
  165  14:56  Zealot x5  
  165  14:57  Zealot x2  
  169  15:30  Zealot  
  169  15:31  Zealot x5  
  169  15:32  Zealot x2  
  169  15:33  Zealot x3  
  189  15:36  Observer x2  
  183  15:58  Observer  
  184  16:12  Zealot x5  
  184  16:13  Zealot x4  
Show
View Real Time Build Order
Export as new Build Order

A.I. 1 (Very Hard) Terran 

Build Orders: MMM Bio 

Get SALT Encoding   

  12  0:00  SCV  
  13  0:13  SCV  
  14  0:20  Supply Depot  
  14  0:25  SCV  
  15  0:42  SCV  
  16  0:44  Barracks  
  16  0:54  SCV  
  17  1:06  SCV  
  18  1:18  SCV  
  18  1:19  Supply Depot  
  18  1:23  Refinery  
  19  1:30  SCV  
  19  1:31  Marine  
  21  1:42  SCV  
  22  1:49  Marine  
  22  1:52  Barracks  
  23  1:55  SCV  
  23  1:58  Refinery  
  24  2:05  Supply Depot  
  24  2:06  Marine  
  24  2:07  Orbital Command  
  25  2:24  Marine  
  26  2:32  SCV  
  27  2:42  Marine  
  28  2:44  SCV  
  29  2:57  Marine, SCV  
  31  2:59  Factory  
  31  3:00  Marine  
  32  3:09  SCV  
  33  3:15  Marine  
  33  3:18  Marine  
  35  3:21  SCV  
  35  3:32  Marine  
  35  3:33  SCV  
  37  3:38  Barracks  
  37  3:45  Factory Tech Lab, SCV  
  37  3:48  Starport  
  38  3:58  SCV  
  38  4:00  Supply Depot  
  39  4:22  Marine x2, SCV  
  42  4:24  Marine  
  42  4:30  Starport Tech Lab, Supply Depot  
  43  4:34  SCV  
  43  4:36  Command Center  
  44  4:46  SCV  
  44  4:51  Siege Tank  
  48  4:53  Factory  
  48  4:57  Marine  
  48  4:58  SCV  
  50  5:00  Marine  
  51  5:10  SCV  
  51  5:13  Engineering Bay  
  52  5:23  SCV  
  52  5:25  Supply Depot  
  53  5:29  Barracks Tech Lab  
  53  5:35  SCV  
  54  5:40  Missile Turret  
  54  5:42  Barracks Reactor, Missile Turret  
  54  5:46  Siege Tank  
  54  5:47  Terran Infantry Weapons Level 1, SCV  
  54  5:48  SCV  
  59  5:50  Marauder, Stimpack  
  59  5:56  Refinery  
  61  5:59  SCV  
  61  6:00  SCV  
  63  6:05  Barracks Tech Lab  
  64  6:11  Marauder, SCV  
  64  6:13  Orbital Command  
  66  6:18  Siege Tank  
  66  6:21  Supply Depot  
  66  6:22  Combat Shields  
  66  6:23  SCV  
  66  6:24  Marauder  
  72  6:33  Marauder  
  72  6:35  SCV  
  76  6:40  SCV  
  76  6:44  Supply Depot  
  76  6:45  Marauder  
  78  6:47  SCV  
  78  6:50  Siege Tank  
  78  6:52  SCV  
  83  6:54  Marauder  
  83  6:59  SCV  
  86  7:06  Engineering Bay  
  86  7:07  Marauder  
  86  7:08  Missile Turret  
  88  7:09  Supply Depot  
  88  7:16  Marauder  
  88  7:21  Missile Turret  
  90  7:24  Barracks  
  90  7:27  Medivac  
  90  7:28  Marauder  
  94  7:32  Terran Infantry Armor Level 1  
  94  7:35  Supply Depot  
  96  7:37  Marauder, Marine  
  96  7:41  Concussive Shells  
  97  7:49  Marauder  
  99  7:52  Refinery  
  99  7:55  Siege Tank  
  99  7:57  Medivac  
  106  7:58  Marauder  
  106  7:59  Supply Depot  
  106  8:05  Command Center  
  106  8:20  Missile Turret  
  106  8:21  Widow Mine  
  106  8:25  Supply Depot  
  111  8:27  Siege Tank  
  111  8:31  Armory  
  111  8:43  Widow Mine  
  113  8:49  Supply Depot  
  113  8:53  Armory  
  113  8:59  Widow Mine  
  115  9:04  Widow Mine  
  117  9:13  Raven  
  117  9:15  Supply Depot  
  119  9:18  SCV x2  
  119  9:20  Terran Vehicle Weapons Level 1, SCV  
  122  9:27  Refinery  
  122  9:30  SCV x2  
  124  9:32  SCV  
  124  9:35  Missile Turret  
  124  9:38  Missile Turret  
  125  9:39  Terran Infantry Weapons Level 2  
  125  9:40  Terran Vehicle And Ship Armor Level 1  
  125  9:42  SCV  
  125  9:43  SCV  
  125  9:45  SCV  
  128  9:54  SCV  
  128  9:55  SCV, Raven  
  128  9:57  SCV  
  133  10:00  Marauder  
  133  10:02  Marauder  
  133  10:06  SCV  
  132  10:07  Supply Depot, SCV  
  132  10:09  Orbital Command  
  132  10:12  Marine  
  115  10:14  Marine  
  115  10:16  Marine  
  115  10:18  SCV  
  115  10:19  SCV  
  105  10:21  Marauder  
  105  10:23  Marine  
  98  10:29  Marine  
  98  10:30  SCV  
  98  10:32  Marine, SCV  
  98  10:33  Marine  
  98  10:34  SCV  
  101  10:38  Medivac  
  101  10:41  Marine  
  98  10:42  SCV  
  98  10:43  Marauder  
  98  10:44  SCV  
  98  10:46  SCV  
  98  10:47  Marine  
  98  10:49  Marine  
  95  10:51  Marine  
  95  10:55  SCV  
  95  10:56  SCV  
  88  10:58  SCV  
  88  10:59  Marauder  
  88  11:04  Marine  
  89  11:07  SCV  
  89  11:09  SCV  
  89  11:10  SCV  
  92  11:17  Marine  
  90  11:19  Marine, SCV  
  90  11:21  Marauder  
  90  11:22  Marauder, SCV  
  90  11:24  SCV  
  98  11:31  SCV  
  99  11:34  SCV  
  99  11:36  SCV  
  101  11:41  Viking  
  101  11:42  Marauder  
  101  11:43  Marauder, SCV  
  101  11:46  SCV  
  109  11:48  SCV  
  110  11:55  SCV  
  110  11:56  Marine  
  110  11:58  SCV  
  110  12:00  SCV  
  114  12:01  Marine  
  114  12:04  Marauder  
  114  12:07  Marauder  
  119  12:11  Viking  
  119  12:13  Siege Tank  
  124  12:23  Marine  
  124  12:24  Marine, Missile Turret  
  124  12:25  Missile Turret  
  124  12:26  Marauder, Widow Mine  
  124  12:29  Marauder  
  132  12:33  Marine  
  133  12:40  Terran Infantry Weapons Level 3  
  133  12:41  Marine, Viking  
  133  12:42  Marine  
  137  12:45  Siege Tank  
  137  12:47  Marauder  
  137  12:49  Supply Depot  
  137  12:50  Marine  
  143  12:56  Factory Tech Lab, Hi-Sec Auto Tracking  
  143  12:59  Starport  
  143  13:02  Barracks, Barracks Tech Lab  
  143  13:03  Command Center  
  143  13:08  Marauder  
  143  13:11  Viking  
  143  13:12  Marauder  
  149  13:20  Marauder, Supply Depot  
  149  13:24  Ghost Academy  
  151  13:29  Marauder  
  151  13:33  Marauder  
  137  13:34  Marine  
  137  13:35  Medivac  
  137  13:36  Marine  
  137  13:41  Viking  
  115  13:42  Marauder  
  115  13:46  Siege Tank  
  103  13:48  Marine  
  103  13:50  Marine  
  103  13:52  Marine  
  103  13:53  Building Armor  
  103  13:54  Marine  
  103  13:55  Marauder  
  99  14:01  Siege Tank  
  102  14:03  Marauder  
  102  14:05  Starport Reactor  
  102  14:06  Marine  
  102  14:08  Ghost  
  107  14:10  Marine  
  107  14:12  Marine  
  107  14:15  SCV  
  107  14:16  Marauder, SCV  
  113  14:17  SCV  
  113  14:18  Siege Tank, SCV  
  118  14:24  Marine  
  118  14:25  Marauder  
  118  14:27  SCV  
  118  14:28  Marine, SCV  
  118  14:29  SCV  
  118  14:30  Marine  
  126  14:33  Siege Tank  
  126  14:36  Ghost  
  126  14:37  Marauder  
  133  14:41  Viking  
  133  14:45  Ghost, Viking  
  135  14:49  Refinery  
  135  14:50  Refinery, Siege Tank  
  142  14:55  Refinery  
  142  14:59  Marauder  
  144  15:05  SCV, Siege Tank  
  144  15:06  Marauder  
  142  15:07  SCV  
  142  15:08  Marine, SCV x2  
  142  15:10  Marine  
  142  15:11  Marine  
  128  15:15  Marauder  
  128  15:17  SCV  
  128  15:20  Marine, SCV x2  
  96  15:22  Siege Tank  
  96  15:26  Marine  
  84  15:28  Marine  
  84  15:29  Marine, SCV  
  67  15:36  Marauder  
  67  15:37  Siege Tank  
  67  15:38  Marauder  
  54  15:44  Marine  
  33  15:56  SCV  
  26  15:59  Marauder  
  26  16:02  Marine, SCV  
  26  16:03  Marauder  
  21  16:08  SCV  
  22  16:12  Command Center  
Tags
 
Add a new tag
Caveats
  • Supply blocks, unpowered buildings, or Contaminate may cause inaccurate times.
  • Supply counts are checked every 10 seconds.